 Dungeon Crawl Stone Soup version 0.27.1-34-g3ba077fa99 (console) character file.

Game seed: 7309909364322565914

1303 Banquo the Cleaver (level 8, -3/60 HPs)
             Began as a Formicid Fighter on Feb 17, 2022.
             Was a Believer of Makhleb.
             Succumbed to an orc warrior's poison
             ... on level 9 of the Dungeon.
             The game lasted 00:24:09 (7993 turns).

Banquo the Cleaver (Formicid Fighter)               Turns: 7993, Time: 00:24:10

Health: -3/60      AC: 10    Str: 22    XL:     8   Next: 87%
Magic:  11/11      EV: 28    Int:  9    God:    Makhleb [**....]
Gold:   181        SH: 10    Dex: 10    Spells: 7/7 levels left

rFire    . . .     SeeInvis +   a - +1 war axe
rCold    . . .     Faith    .   i - +0 kite shield
rNeg     . . .     Spirit   .   d - +0 scale mail
rPois    .         Reflect  .   (helmet unavailable)
rElec    .         Harm     .   e - +0 cloak
rCorr    .         Rampage  .   g - +0 pair of gloves
Will     .....                  f - +0 pair of boots
Stlth    ..........             p - amulet of the acrobat
HPRegen  0.20/turn              E - +4 ring of evasion
MPRegen  0.12/turn              (no ring)

@: lethally poisoned (-3 -> -25), acrobatic, very slightly contaminated,
invisible
A: permanent stasis, dig shafts and tunnels, antennae 3, four strong arms
a: Dig, Shaft Self, Renounce Religion, Minor Destruction


You were on level 9 of the Dungeon.
You worshipped Makhleb.
Makhleb was pleased with you.
You visited 1 branch of the dungeon, and saw 7 of its levels.

You collected 206 gold pieces.
You spent 25 gold pieces at shops.

Inventory:

Hand Weapons
 a - a +1 war axe (weapon)
 b - a +1 flail of holy wrath
 n - a +2 morningstar of protection
 s - a +0 halberd
Missiles
 c - 90 bolts
 h - 13 poisoned darts (quivered)
 m - 14 boomerangs
 B - 179 stones
Armour
 d - a +0 scale mail (worn)
 e - a +0 cloak (worn)
 f - a +0 pair of boots (worn)
 g - a +0 pair of gloves (worn)
 i - a +0 kite shield (worn)
 j - a +0 tower shield
Magical Staves
 t - a staff of death
Jewellery
 l - a ring of fire
 p - an amulet of the acrobat (around neck)
 v - a ring of wizardry
 E - a +4 ring of evasion (left hand)
Wands
 x - a wand of acid (10)
 y - a wand of mindburst (10)
 z - a wand of flame (28)
Scrolls
 r - a scroll of identify
 w - 2 scrolls of noise
 C - a scroll of fear
Potions
 k - 2 potions of might
 u - a potion of magic


   Skills:
 + Level 4.2 Fighting
 * Level 8.0 Axes
 + Level 4.7 Armour
 + Level 1.4 Dodging
 * Level 5.1 Shields
 * Level 4.0 Invocations


You had 7 spell levels left.
You didn't know any spells.
Your spell library contained the following spells:

 Spells                   Type           Power      Damage    Failure   Level
 Leda's Liquefaction      Hex/Erth       0%         N/A       100%        4
 Bolt of Magma            Conj/Fire/Erth 0%         4d4       100%        5
 Statue Form              Tmut/Erth      0%         N/A       100%        6


Dungeon Overview and Level Annotations

Branches:
Dungeon (6/15)
 Temple: D:4-7

Altars:
Kikubaaqudgha
Makhleb
Nemelex Xobeh
Uskayaw

Shops:
D:4 *

Annotations:
D:3 Pikel
D:4 1 runed translucent door, Crazy Yiuf, Menkaure


Innate Abilities, Weirdness & Mutations

You cannot be hasted, slowed, berserked, paralysed or teleported.
You can dig through walls and to a lower floor.
You have a pair of large antennae on your head. (SInv)
Your four strong arms can wield two-handed weapons with a shield.


Message History

You block the orc wizard's attack.
The orc wizard gestures wildly while chanting.
The orc wizard flickers and vanishes for a moment.
You slash the orc wizard!
The orc wizard is almost dead.
The orc wizard barely misses you.
You slash the orc wizard!
You kill the orc wizard!
Makhleb accepts your kill.
Your Axes skill increases to level 8!
You slash the orc warrior!
The orc warrior is heavily wounded.
You block the orc warrior's attack.
You slash the orc warrior!
The orc warrior is almost dead.
The orc warrior barely misses you.
You hit the orc warrior.
The orc warrior is almost dead.
The orc warrior hits you with a +0 war axe of venom!
* * * LOW HITPOINT WARNING * * *
You hit the orc warrior.
The orc warrior is almost dead.
You block the orc warrior's attack. The orc warrior barely misses you.
You hit the orc warrior but do no damage.
The orc warrior is almost dead.
The orc warrior hits you with a +0 war axe of venom.
* * * LOW HITPOINT WARNING * * *
You are lethally poisoned!
You feel much better.
You feel very sick.
The orc warrior hits you with a +0 war axe of venom!
* * * LOW HITPOINT WARNING * * *
You feel sick.
You fade into invisibility!
You feel sick.
The orc warrior hits you with a +0 war axe of venom!
* * * LOW HITPOINT WARNING * * *
You are more poisoned.
You are very lightly contaminated with residual magic.
You die...

#.#### ##.
##.# #{##
##{# #.##
#########o#
##......#o##
.........##
.####.@.#
##...# ....#
....##
.....#
#######


You could see an orc warrior and an orc priest.

Vanquished Creatures
  A yak (D:6)
  A water moccasin (D:5)
  A necrophage (D:6)
  A black bear (D:4)
  An ogre (D:5)
  4 lemures
  A water moccasin skeleton (D:4)
  A centaur zombie (D:4)
  2 hounds
  A jelly (D:5)
  6 orc priests
  A centaur skeleton (D:4)
  2 iguanas (D:4)
  7 orc wizards
  4 adders
  3 gnolls
  A howler monkey skeleton (D:4)
  An adder skeleton (D:4)
  A worm (D:4)
  A dart slug (D:2)
  22 orcs
  3 bats
  4 endoplasms
  5 giant cockroaches
  5 hobgoblins
  4 jackals (D:4)
  7 kobolds
  3 quokkas
  9 ball pythons
  A frilled lizard (D:2)
  6 goblins
  2 rats
112 creatures vanquished.

Vanquished Creatures (others)
  2 fungi (D:4)
  5 plants (D:4)
7 creatures vanquished.

Grand Total: 119 creatures vanquished

Notes
Turn   | Place    | Note
-------+----------+-------------------------------------------
     0 | D:1      | Banquo the Formicid Fighter began the quest for the Orb.
     0 | D:1      | Reached XP level 1. HP: 18/18 MP: 1/1
    82 | D:1      | Reached XP level 2. HP: 18/24 MP: 2/2
   312 | D:1      | Reached skill level 3 in Axes
   390 | D:1      | Reached XP level 3. HP: 20/29 MP: 3/3
   921 | D:1      | Found a faded altar of an unknown god.
   924 | D:1      | Became a worshipper of Makhleb the Destroyer
   924 | D:1      | Reached * piety under Makhleb
  1194 | D:2      | Reached XP level 4. HP: 35/35 MP: 4/4
  1815 | D:2      | Reached skill level 4 in Axes
  2910 | D:3      | Reached skill level 1 in Invocations
  2910 | D:3      | Reached XP level 5. HP: 12/41 MP: 5/5
  3340 | D:3      | Reached XP level 6. HP: 33/47 MP: 7/7
  3670 | D:3      | Reached skill level 5 in Axes
  4062 | D:4      | Noticed a black bear
  4096 | D:4      | Noticed Menkaure
  4096 | D:4      | Noticed Pikel
  4558 | D:4      | Found an ancient bone altar of Kikubaaqudgha.
  4561 | D:4      | Found a burning altar of Makhleb.
  4566 | D:4      | Found a hide-covered altar of Uskayaw.
  4614 | D:4      | Reached ** piety under Makhleb
  5682 | D:3      | HP: 2/47 [Pikel (9)]
  6113 | D:4      | Found Othrefe's Assorted Antiques.
  6121 | D:4      | Bought a scroll labelled GOMYUNETTUJI for 25 gold pieces
  6139 | D:4      | Reached XP level 7. HP: 52/52 MP: 8/8
  6431 | D:4      | Reached skill level 1 in Dodging
  6455 | D:4      | Reached skill level 6 in Axes
  6666 | D:4      | Found a runed translucent door.
  6667 | D:4      | Noticed Crazy Yiuf
  6942 | D:4      | You fall into a shaft and drop 2 floors!
  6982 | D:5      | Entered Level 5 of the Dungeon
  6988 | D:5      | Reached XP level 8. HP: 58/60 MP: 10/10
  7282 | D:5      | Reached skill level 7 in Axes
  7376 | D:5      | You fall into a shaft and drop 1 floor!
  7929 | D:6      | Noticed a yak
  7930 | D:6      | Noticed a yak
  7930 | D:6      | Noticed a yak
  7930 | D:6      | Noticed a yak
  7930 | D:6      | Noticed a yak
  7956 | D:6      | Killed a yak
  7957 | D:6      | Reached skill level 5 in Shields
  7968 | D:6      | You fall into a shaft and drop 3 floors!
  7968 | D:9      | Found a sparkling altar of Nemelex Xobeh.
  7985 | D:9      | Reached skill level 8 in Axes
  7992 | D:9      | HP: 2/60 [orc warrior (10)]
  7993 | D:9      | Succumbed to an orc warrior's poison

Illustrated notes

Levels and vault maps discovered:
D:1:      psy_arrival_basics, layout_rooms,
          shapermc_ecumenical_altar_mp_vishouse
D:2:      layout_basic, grunt_ministairs_8, minivault_23
D:3:      layout_basic
D:4:      layout_basic, nicolae_overflow_hidden_temple, serial_shops,
          nicolae_shop_overgrown_old_shop, glass_columns_a, uniq_menkaure,
          uniq_pikel, uniq_crazy_yiuf_cottage
D:5:      layout_loops_cross
D:6:      layout_cave_pools, minmay_temple_entry_sparse_star
D:9:      layout_layer_cave, nemelex_xobeh_ov_fountains_minmay, uniq_harold

Skill      XL: |  1  2  3  4  5  6  7  8 |
---------------+-------------------------+-----
Axes           | 3 4 5 6 8 |  8.0
Invocations    | 1 2 3 4 |  4.0
Shields        | 4 5 |  5.1
Armour         | 4 |  4.7
Dodging        | 1 |  1.4
Fighting       | 4 |  4.2

Action                   |  1- 3 |  4- 6 |  7- 9 || total
-------------------------+-------+-------+-------++-------
Melee: War axe           |    68 |   256 |   162 ||   486
Throw: Dart              |       |     5 |       ||     5
 Abil: Dig               |     1 |     8 |    10 ||    19
       Shaft Self        |       |       |     2 ||     2
  Use: Scroll            |       |     7 |     4 ||    11
       Potion            |       |     1 |     2 ||     3
Armor: Scale mail        |    25 |    96 |    44 ||   165
Dodge: Dodged            |    36 |   108 |    85 ||   229
Block: Kite shield       |    42 |   122 |    86 ||   250
